 Dungeon Crawl Stone Soup version 0.31-a0-222-gefeffbb62a (webtiles) character file.

Game seed: 4472557389562349376

427 innerfire43 the Trooper (level 6, -2/49 HPs)
             Began as a Demonspawn Monk on July 5, 2023.
             Was a Follower of Uskayaw.
             Killed by divine providence
             ... invoked by an orc priest
              (15 damage)
             ... on level 4 of the Dungeon.
             The game lasted 00:03:36 (3133 turns).

innerfire43 the Trooper (Demonspawn Monk)           Turns: 3133, Time: 00:03:37

Health: -2/49      AC: 22    Str: 14    XL:     6   Next: 65%
Magic:  6/6        EV: 12    Int: 11    God:    Uskayaw [*.....]
Gold:   138        SH:  0    Dex: 15    Spells: 5/5 levels left

rFire   . . .        t - +5 scythe (protect)
rCold   . . .        (shield currently unavailable)
rNeg    . . .        l - +3 ring mail
rPois   .            (no helmet)
rElec   .            q - +0 cloak
rCorr   .            (no gloves)
SInv    .            (no boots)
Will    .....        (no amulet) Stlth
                     m - +4 ring of protection
HPRegen 0.28/turn    (no ring)
MPRegen 0.10/turn

%: no passive effects
@: confused, under a protective aura
A: molten scales 1, demonic guardian 2, demonic touch 1
a: Renounce Religion, Stomp


You were on level 4 of the Dungeon.
You worshipped Uskayaw.
Uskayaw was noncommittal.
You visited 1 branch of the dungeon, and saw 4 of its levels.

You collected 138 gold pieces.

Inventory:

Hand Weapons
 a - a +0 hand axe
 n - a +4 flail of draining
 t - a +5 scythe of protection (weapon)
Armour
 b - a +1 robe
 d - an orb of light
 j - the +2 robe "Qoluh" {-Cast rElec Str+3 Dex+4}
   (You found it on level 2 of the Dungeon)

   Str:       It affects your strength (+3).
   Dex:       It affects your dexterity (+4).
   rElec:     It insulates you from electricity.
   -Cast:     It prevents spellcasting.
 l - a +3 ring mail (worn)
 q - a +0 cloak (worn)
Jewellery
 h - a ring of ice
 m - a +4 ring of protection (left hand)
Scrolls
 i - a scroll of revelation
 o - a scroll of identify
 u - a scroll of teleportation
Potions
 c - a potion of degeneration {unknown}
 e - 2 potions of cancellation {unknown}
 f - a potion of mutation {unknown}
 g - a potion of magic {unknown}
 k - a potion of enlightenment {unknown}
 r - 2 potions of heal wounds {unknown}
 s - 2 potions of curing {unknown}


   Skills:
 + Level 4.6 Fighting
 - Level 3.4(4.2) Axes
 - Level 2.6(3.5) Maces & Flails
 * Level 2.2(3.1) Polearms
 + Level 4.1 Dodging


You had 5 spell levels left.
You didn't know any spells.
Your spell library contained the following spells:

 Spells                   Type           Power      Damage    Failure   Level
 Ozocubu's Armour         Ice            0%         N/A       91%         3
 Animate Dead             Necr           0%         N/A       100%        4
 Borgnjor's Vile Clutch   Necr/Erth      0%         N/A       100%        5
 Death Channel            Necr           0%         N/A       100%        6
 Ozocubu's Refrigeration  Ice            0%         4d7       100%        7


Dungeon Overview and Level Annotations

Branches:
Dungeon (4/15)
 Temple: D:4-7

Altars:
Ashenzari
Fedhas
Hepliaklqana
Uskayaw

Shops:
D:2 ?

Annotations:
D:4 1 runed translucent door, Crazy Yiuf


Innate Abilities, Weirdness & Mutations

You are partially covered in molten scales. (AC +2)
A demonic guardian rushes to your aid.
Your touch may inflict minor irresistible damage on your foes.


Message History

You puncture the orc!
You kill the orc!
An orc priest comes into view. It is wielding a +0 dagger.
The orc wizard gestures at you while chanting.
You are confused.
You are too confused!
You are too confused!
You are too confused!
You are too confused!
Unknown command.
Unknown command.
Unknown command.
You are too confused!
Unknown command.
You are too confused!
The orc priest shouts!
The orc priest calls down the wrath of Beogh upon you.
Beogh smites you!
The orc wizard points at you and mumbles some strange words.
The puff of flame hits you but does no damage.
There is a stone staircase leading up here.
You closely miss the orc priest.
The orc priest calls down the wrath of Beogh upon you.
Beogh smites you!
The orc wizard points at you and mumbles some strange words.
The puff of flame hits you but does no damage.
You bump into the rock wall.
The orc priest casts a cantrip, but nothing happens.
The orc wizard hits you but does no damage.
You hit the orc priest but do no damage.
Your weapon exudes an aura of protection.
The orc priest calls down the wrath of Beogh upon you.
Pain shoots through your body!
* * * LOW HITPOINT WARNING * * *
The orc priest hits you but does no damage.
The orc wizard hits you but does no damage.
You bump into the rock wall.
The orc priest barely misses you.
The orc priest mumbles some strange prayers to Beogh against you.
Beogh smites you!
You die...

##### ##....# #.#### .#
#.# .# ##'## ##. ###
##...## #.. [.#
##.....## #.##
#.###.......## #..##
#.##.........####o..#.#
...'.........'..@o....#
#.##.........####o..#.#
#.###..)....## #..##
..# ##.....## #.## ###
##...## #.. ##'## ###
#.# #.###### ##......#


You could see 2 orc priests and an orc wizard.

Vanquished Creatures
  Sigmund (D:3)
  A hound (D:4)
  4 gnolls (D:4)
  4 adders
  An ufetubus (D:4)
  2 worms (D:2)
  9 orcs
  7 ball pythons
  4 endoplasms
  4 goblins
  4 hobgoblins
  3 jackals (D:2)
  3 kobolds
  3 quokkas
  A bat (D:1)
  3 frilled lizards
54 creatures vanquished.

Vanquished Creatures (collateral kills)
  An ogre (D:4)
1 creature vanquished.

Grand Total: 55 creatures vanquished

Notes
Turn   | Place    | Note
-------+----------+-------------------------------------------
     0 | D:1      | innerfire43 the Demonspawn Monk began the quest for the
                  | Orb.
     0 | D:1      | Reached XP level 1. HP: 18/18 MP: 1/1
    75 | D:1      | You fall into a shaft and drop 1 floor!
   402 | D:1      | Gained mutation: You are partially covered in molten
                  | scales. (AC +2) [demonic ancestry]
   402 | D:1      | Reached XP level 2. HP: 24/24 MP: 2/2
   947 | D:2      | Gained mutation: Your touch may inflict minor irresistible
                  | damage on your foes. [demonic ancestry]
   947 | D:2      | Reached XP level 3. HP: 28/29 MP: 3/3
   960 | D:2      | Identified the +2 robe "Qoluh" {-Cast rElec Str+3 Dex+4}
  1315 | D:2      | Found Lejaxkev's Magic Scroll Emporium.
  1516 | D:3      | Found a broken altar of Ashenzari.
  2104 | D:3      | Noticed Sigmund
  2111 | D:3      | Killed Sigmund
  2112 | D:3      | Gained mutation: A weak demonic guardian rushes to your
                  | aid. [demonic ancestry]
  2112 | D:3      | Reached XP level 4. HP: 24/37 MP: 4/4
  2112 | D:3      | Reached XP level 5. HP: 27/42 MP: 5/5
  2417 | D:4      | Found a runed translucent door.
  2418 | D:4      | Noticed Crazy Yiuf
  2462 | D:4      | Found a hazy altar of Hepliaklqana.
  2462 | D:4      | Found a blossoming altar of Fedhas.
  2505 | D:4      | Noticed a +0 spear
  2505 | D:4      | Noticed a +0 dagger
  2507 | D:4      | Noticed a +0 falchion
  2507 | D:4      | Noticed a +0 falchion
  2508 | D:4      | Noticed a +0 short sword
  2508 | D:4      | Noticed a +0 short sword
  2509 | D:4      | Noticed a +0 spear
  2509 | D:4      | Noticed a +0 dagger
  2514 | D:4      | Found a hide-covered altar of Uskayaw.
  2524 | D:4      | Gained mutation: A demonic guardian rushes to your aid.
                  | [demonic ancestry]
  2524 | D:4      | Reached XP level 6. HP: 48/48 MP: 6/6
  2552 | D:4      | Became a worshipper of Uskayaw the Reveller
  2552 | D:4      | Reached * piety under Uskayaw
  2568 | D:4      | Reached skill level 1 in Polearms
  2954 | D:4      | Reached ** piety under Uskayaw
  2957 | D:4      | Reached *** piety under Uskayaw
  3133 | D:4      | Killed from afar by an orc priest

Illustrated notes

Levels and vault maps discovered:
D:1:      evilmike_arrival_fibonacci_small, layout_basic, minmay_heptomino_l4
D:2:      layout_rooms, serial_shops, shop
D:3:      layout_loops_corners, cheibrodos_ashenzari_chains,
          minmay_misc_feat_five, moated_statue, uniq_sigmund
D:4:      layout_loops_corners, okawaru_altar_gauntlet_db,
          nicolae_uskayaw_en_pointe, nicolae_overflow_two_pavilions,
          uniq_crazy_yiuf_cottage

Skill      XL: |  1  2  3  4  5  6 |
---------------+-------------------+-----
Axes           | 3 |  3.4
Dodging        | 3 4 |  4.1
Fighting       | 4 |  4.6
Maces & Flails | 2 |  2.6
Polearms       | 2 |  2.2

Action                     |  1- 3 |  4- 6 || total
---------------------------+-------+-------++-------
  Melee: Hand axe          |    81 |       ||    81
         Flail             |    22 |       ||    22
         Halberd           |       |    62 ||    62
    Use: Scroll            |     8 |     3 ||    11
         Potion            |     1 |       ||     1
 Armour: Robe              |    21 |       ||    21
         Ring mail         |    17 |    35 ||    52
  Dodge: Dodged            |    82 |    37 ||   119

Table legend: (Time is in decaauts)
 A = Elapsed time spent in this place.
 B = Non-inter-level travel time spent in this place.
 C = Inter-level travel time spent in this place.
 D = Time resting spent in this place.
 E = Time spent auto-exploring this place.
 F = Levels seen in this place.
 G = Mean time per level.
                   A        B        C        D        E       F      G
               +--------+--------+--------+--------+--------+-----+--------+
         Total |   3172 |   2994 |    178 |      0 |   2467 |   4 |  793.0 |
       Dungeon |   3172 |   2994 |    178 |      0 |   2467 |   4 |  793.0 |
               +--------+--------+--------+--------+--------+-----+--------+

Top non-repeatable levels by time:
     D:3: 905 daAuts
     D:1: 818 daAuts
     D:4: 785 daAuts
     D:2: 663 daAuts
